 Dungeon Crawl Stone Soup version 0.21-a0-91-ga5031da (webtiles) character file.

98800 Ijustatesigmund the Nimble (level 16, -6/110 HPs)
             Began as an Octopode Fighter on June 27, 2017.
             Was the Champion of Okawaru.
             Killed by static electricity
             ... invoked by an insubstantial wisp
              (7 damage)
             ... on level 1 of the Swamp on June 28, 2017.
             The game lasted 01:39:35 (26358 turns).

Ijustatesigmund the Nimble (Octopode Fighter)      Turns: 26358, Time: 01:39:36

Health: -6/110     AC: 11    Str: 19    XL:     16   Next: 23%
Magic:  40/43      EV: 30    Int: 14    God:    Okawaru [******]
Gold:   742        SH: 26    Dex: 29    Spells: 10/15 levels left

rFire    + + .     SeeInvis .   J - +8 mace "Nohukh" {vamp, Fragile MP+9 Int+3 Dex+3}
rCold    + + .     Gourm    .   Q - +5 shield {reflect}
rNeg     . . .     Faith    .   r - +0 hat "Beuss" {rCorr Dex+4}
rPois    .         Spirit   .   U - +4 amulet of reflection
rElec    .         Reflect  +   s - ring of protection from fire
rCorr    +         Harm     .   K - ring of protection from cold
MR       +....                  L - ring of resist corrosion
Stlth    +++++++++.             a - ring of the Octopus King {rF+ AC+1 EV+1 Str+1 Int+1 Dex+1}
HPRegen  0.28/turn              n - +5 ring of dexterity
MPRegen  0.28/turn              A - ring of stealth
                                O - ring of magical power
                                E - ring of stealth

@: icy armour, about to teleport, slow
A: almost no armour, stealthy swim, amphibious, 8 rings, constrict 8, large bone
plates 1, thin metallic scales 1, camouflage 1, cold resistance 1, wild magic 1,
gelatinous body 1
a: Heroism, Finesse, Renounce Religion


You were on level 1 of the Swamp.
You worshipped Okawaru.
Okawaru was exalted by your worship.
You were not hungry.

You visited 6 branches of the dungeon, and saw 26 of its levels.
You also visited: Sewer.

You collected 2236 gold pieces.
You spent 1494 gold pieces at shops.

Inventory:

Hand Weapons
 b - a +4 demon whip of electrocution
 g - the +7 mace "Wooqexti" {vamp, Fragile rElec rF+ MR+}
   (You bought it in a shop on level 2 of the Orcish Mines)

   It inflicts no extra harm, but heals its wielder when it wounds a living foe.
   It protects you from fire.
   It insulates you from electricity.
   It affects your resistance to hostile enchantments.
   It will be destroyed if unequipped.
 y - a +3 morningstar of protection
 J - the +8 mace "Nohukh" (weapon) {vamp, Fragile MP+9 Int+3 Dex+3}
   (You found it on level 10 of the Dungeon)

   It inflicts no extra harm, but heals its wielder when it wounds a living foe.
   It affects your intelligence (+3).
   It affects your dexterity (+3).
   It affects your magic capacity (+9).
   It will be destroyed if unequipped.
Armour
 r - the +0 hat "Beuss" (worn) {rCorr Dex+4}
   (Okawaru gifted it to you on level 13 of the Dungeon)

   It affects your dexterity (+4).
   It protects you from acid and corrosion.
 Q - a +5 shield of reflection (worn)
Jewellery
 a - a ring of the Octopus King (on tentacle) {rF+ AC+1 EV+1 Str+1 Int+1 Dex+1}
   (You bought it in a shop on level 10 of the Dungeon)

   [ring of protection from fire]

   It affects your AC (+1).
   It affects your evasion (+1).
   It affects your strength (+1).
   It affects your intelligence (+1).
   It affects your dexterity (+1).
   It protects you from fire.
 n - a +5 ring of dexterity (on tentacle)
 s - a ring of protection from fire (left tentacle)
 x - an uncursed ring of positive energy
 A - a ring of stealth (on tentacle)
 E - a ring of stealth (on tentacle)
 K - a ring of protection from cold (right tentacle)
 L - a ring of resist corrosion (on tentacle)
 O - a ring of magical power (on tentacle)
 U - a +4 amulet of reflection (around mantle)
Wands
 t - a wand of clouds (5/9)
 C - a wand of polymorph (5/24)
 M - a wand of digging (11/24)
 N - a wand of lightning (8/15)
 P - a wand of acid (10/15)
 R - a wand of paralysis (11/24)
 S - a wand of iceblast (6/15)
Scrolls
 k - 14 scrolls of remove curse
 o - 7 scrolls of teleportation
 u - 2 scrolls of fog
 w - a scroll of magic mapping
 W - a scroll of immolation
 X - 2 scrolls of recharging
 Z - 2 scrolls of fear
Potions
 c - 3 potions of brilliance
 e - 11 potions of curing
 f - 3 potions of agility
 h - 3 potions of might
 j - 3 potions of cancellation
 l - a potion of invisibility
 q - a potion of magic
 z - a potion of berserk rage
 B - 2 potions of flight
 D - a potion of haste
 G - 2 potions of heal wounds
 T - a potion of ambrosia
Miscellaneous
 H - a phial of floods
 Y - a phantom mirror
Comestibles
 d - 9 bread rations
 i - 9 meat rations
 m - a royal jelly


   Skills:
 - Level 10.5 Fighting
 - Level 10.4 Maces & Flails
 - Level 14.8 Dodging
 + Level 13.7 Stealth
 - Level 8.5 Shields
 + Level 9.4 Charms
 + Level 9.2 Ice Magic
 * Level 6.2 Air Magic
 - Level 12.7 Invocations


You had 10 spell levels left.
You knew the following spells:

 Your Spells              Type           Power        Failure   Level  Hunger
a - Ozocubu's Armour      Chrm/Ice       ####....     7%          3    ####...
b - Swiftness             Chrm/Air       ####....     7%          2    ###....


Dungeon Overview and Level Annotations

Branches:
Dungeon (15/15)            Temple (1/1) D:6            Lair (6/6) D:9
  Swamp (1/4) Lair:4        Snake (0/4) Lair:2        Slime (0/5) Lair:5
    Orc (2/2) D:10            Elf (0/3) Orc:2        Vaults (0/5) D:14
 Depths (1/5) D:15

Altars:
Ashenzari
Cheibriados
Dithmenos
Elyvilon
Gozag
Kikubaaqudgha
Nemelex Xobeh
Okawaru
Qazlal
Trog
Uskayaw
Vehumet
Xom
Yredelemnul
Zin
The Shining One
Beogh

Shops:
D:6 !   D:7 !   D:10 =   D:12 !   Orc:2 (*([

Annotations:
Swamp:1 Donald
Orc:1 Saint Roka


Innate Abilities, Weirdness & Mutations

You cannot wear most types of armour.
You are very stealthy in the water. (Stealth+)
You are amphibious.
You can wear up to eight rings at the same time.
You can use your tentacles to constrict eight enemies at once.
Your skin changes colour to match your surroundings (Stealth+).
Your rubbery body absorbs attacks. (AC +1, EV +1)
You are partially covered in large bone plates. (SH +4)
You are partially covered in thin metallic scales. (AC +2)
Your flesh is cold resistant. (rC+)
Your spells are a little harder to cast, but a little more powerful.


Message History

The insubstantial wisp completely misses you.
The insubstantial wisp misses you.
As you read the scroll of teleportation, it crumbles to dust.
You feel strangely unstable. The thorn hunter misses you.
You block the thorn hunter's attack. The insubstantial wisp hits you!
* * * LOW HITPOINT WARNING * * *
You block the insubstantial wisp's attack.
The insubstantial wisp completely misses you.
You block the insubstantial wisp's attack.
Casting: Ozocubu's Armour
Confirm with . or Enter, or press ? or * to list all spells.
A film of ice covers your body! You block the thorn hunter's attack.
The thorn hunter hits you!!
* * * LOW HITPOINT WARNING * * *
You block the insubstantial wisp's attack.
The insubstantial wisp blinks!
The insubstantial wisp thrums sharply.
The thorn hunter is struck by lightning.
The lightning arcs!
You are struck by lightning.
You die...

.≈≈.≈≈.≈≈♣♣♣♣♣...♣♣
.≈≈≈.≈≈§♣≈.♣♣.≈≈:≈♣
♣..≈≈.♣♣PPP♣PPPPPP♣
♣♣♣......PP♣PPPPP♣♣
♣♣♣≈..≈≈≈.≈..≈.≈♣
♣..≈.≈≈≈≈≈..≈≈..♣
.≈...≈≈≈≈≈..≈≈≈.♣
≈≈.....♣♣♣♣vv...♣
≈≈≈≈≈≈♣ ♣.@≈.♣♣♣
♣.≈≈≈≈ ♣§vf.♣ .≈≈≈≈
..≈v≈≈♣ .≈
.≈≈≈...♣♣
≈≈?≈≈v..≈♣
≈≈≈≈≈≈.♣♣♣ ≈≈≈≈≈≈≈
.≈≈.≈≈≈


You could see a thorn hunter and 5 insubstantial wisps.

Vanquished Creatures
  2 entropy weavers (Lair:4)
  Josephine (Orc:2)
  A yaktaur captain (D:15)
  The ghost of OgreWrestling the Ruffian, a novice OgTm of Okawaru (D:7)
  5 hydras
  A catoblepas (Lair:6)
  A queen ant (Lair:4)
  A death knight (D:13)
  2 dancing weapons (D:14)
  2 orc high priests
  8 two-headed ogres
  4 centaur warriors
  3 tengu warriors (D:13)
  2 skeletal warriors
  The ghost of OgreWrestling the Grappler, a novice TrMo of Wu Jian (D:8)
  3 unseen horrors
  2 wizards (D:15)
  A swamp dragon (Swamp:1)
  4 orc knights
  Pikel (D:4)
  12 ugly things
  11 deep elf magi
  3 orc sorcerers
  5 cyclopes
  4 oklob plants (Lair:5)
  A manticore (D:15)
  4 elephants (Lair:4)
  5 black mambas
  Psyche (D:12)
  10 spiny frogs
  A gargoyle (D:13)
  5 centaur skeletons
  5 yaktaurs (D:15)
  2 freezing wraiths
  10 komodo dragons
  4 trolls
  4 polar bears
  A wolf spider simulacrum (D:15)
  6 hornets
  2 tyrant leeches (Swamp:1)
  A bog body (Swamp:1)
  6 slime creatures
  6 blink frogs
  5 dream sheep (Lair:4)
  10 hippogriffs
  A vampire (D:13)
  5 wraiths
  2 shadows
  A wyvern (D:11)
  11 spriggans (Lair:6)
  A basilisk (shapeshifter) (D:15)
  55 yaks
  Sigmund (D:5)
  2 steam dragons
  2 basilisks
  3 hungry ghosts
  An insubstantial wisp (Swamp:1)
  7 soldier ants
  6 wargs
  An acid dragon (D:14)
  8 vampire mosquitoes
  20 water moccasins
  9 porcupines
  36 orc warriors
  2 sky beasts (D:8)
  3 ice beasts
  3 slaves (D:4)
  A hornet zombie (D:15)
  6 black bears
  An eye of draining (D:12)
  A phantom (D:12)
  5 boggarts (Lair:6)
  13 wolves (Lair:6)
  21 centaurs
  8 crocodiles
  A necrophage (D:11)
  9 ogres
  5 big kobolds
  20 bullfrogs
  4 scorpions
  A water moccasin skeleton (D:12)
  3 killer bees (D:9)
  15 wights
  3 howler monkeys
  2 electric eels
  9 crimson imps
  6 centaur zombies
  2 bullfrog zombies
  5 hounds
  3 quasits
  7 jellies
  3 bullfrog skeletons
  24 orc priests
  36 orc wizards
  8 iguanas
  22 worker ants
  A worker ant zombie (D:7)
  4 gnolls
  28 adders
  A howler monkey zombie (D:5)
  A howler monkey skeleton (D:10)
  9 river rats
  5 shadow imps
  2 oozes
  An adder skeleton (D:7)
  2 worms
  A dart slug (D:2)
  3 leopard geckos
  121 orcs
  3 giant cockroaches
  4 goblins
  9 hobgoblins
  16 jackals
  4 quokkas
  5 ball pythons (Sewer)
  3 bats
  5 frilled lizards
  19 kobolds
  24 rats
865 creatures vanquished.

Vanquished Creatures (others)
  A wizard (D:6)
  A yaktaur (D:15)
  An orc warrior (Orc:2)
  2 centaurs (D:15)
  A leopard gecko (D:6)
  An orc (D:12)
  A kobold (D:12)
  3 fungi
  A plant (Lair:4)
12 creatures vanquished.

Grand Total: 877 creatures vanquished

Notes
Turn   | Place    | Note
-------+----------+-------------------------------------------
     0 | D:1      | Ijustatesigmund the Octopode Fighter began the quest for the Orb.
     0 | D:1      | Reached XP level 1. HP: 16/16 MP: 1/1
   155 | D:1      | Reached XP level 2. HP: 18/21 MP: 2/2
   720 | D:1      | Reached skill level 1 in Stealth
   885 | D:2      | Reached XP level 3. HP: 20/26 MP: 3/3
   910 | D:2      | Found an opulent altar of Gozag.
   922 | D:2      | Found a radiant altar of Vehumet.
  1608 | D:2      | Reached XP level 4. HP: 24/31 MP: 4/4
  1731 | D:3      | Reached XP level 5. HP: 30/37 MP: 5/5
  1918 | D:3      | Gained mutation: You are partially covered in large bone plates. (SH +4) [potion of mutation]
  1918 | D:3      | Gained mutation: Your spells are a little harder to cast, but a little more powerful. [potion of mutation]
  1918 | D:3      | Gained mutation: Your flesh is cold resistant. (rC+) [potion of mutation]
  1918 | D:3      | Gained mutation: You are partially covered in thin metallic scales. (AC +2) [potion of mutation]
  2120 | D:3      | Reached XP level 6. HP: 41/43 MP: 6/6
  2184 | D:3      | Found a white marble altar of Elyvilon.
  2305 | D:4      | Noticed a slave
  2306 | D:4      | Noticed a slave
  2310 | D:4      | Noticed Pikel
  2310 | D:4      | Noticed a slave
  2311 | D:4      | Noticed a slave
  2403 | D:4      | Found a glowing drain.
  2411 | Sewer    | Entered a sewer
  2805 | Sewer    | Reached XP level 7. HP: 48/49 MP: 7/7
  2848 | Sewer    | Reached skill level 4 in Dodging
  2855 | Sewer    | Reached skill level 5 in Maces & Flails
  3377 | D:4      | Reached skill level 5 in Fighting
  3468 | D:4      | Killed Pikel
  3468 | D:4      | Reached skill level 5 in Dodging
  3468 | D:4      | Reached skill level 5 in Shields
  3468 | D:4      | Reached XP level 8. HP: 49/57 MP: 8/8
  3768 | D:5      | Entered Level 5 of the Dungeon
  4146 | D:5      | Reached XP level 9. HP: 61/62 MP: 9/9
  4238 | D:5      | Noticed Sigmund
  4244 | D:5      | Killed Sigmund
  4244 | D:5      | Reached skill level 6 in Dodging
  4696 | D:6      | Found a staircase to the Ecumenical Temple.
  4717 | Temple   | Entered the Ecumenical Temple
  4742 | Temple   | Became a worshipper of Warmaster Okawaru
  4782 | D:6      | Found Liel's Distillery.
  4784 | D:6      | Found a shadowy altar of Dithmenos.
  4796 | D:6      | Bought a potion of heal wounds for 60 gold pieces
  4796 | D:6      | Bought a potion of curing for 36 gold pieces
  4908 | D:6      | Found a hide-covered altar of Uskayaw.
  5050 | D:6      | Found a bloodstained altar of Trog.
  5166 | D:6      | Noticed a wizard
  5170 | D:6      | Killed a wizard
  5220 | D:6      | Found a glowing silver altar of Zin.
  5222 | D:6      | Noticed an angel
  5226 | D:6      | Found a shimmering altar of Xom.
  6007 | D:7      | Found Piryqur's Distillery.
  6117 | D:7      | Reached skill level 1 in Invocations
  6124 | D:7      | Reached * piety under Okawaru
  6403 | D:7      | Noticed OgreWrestling's ghost (novice OgTm)
  6423 | D:7      | Killed OgreWrestling's ghost
  6423 | D:7      | Reached XP level 10. HP: 62/71 MP: 8/13
  6915 | D:8      | Reached ** piety under Okawaru
  7069 | D:8      | Noticed OgreWrestling's ghost (novice TrMo)
  7093 | D:8      | Killed OgreWrestling's ghost
  7093 | D:8      | Reached skill level 5 in Invocations
  7422 | D:8      | Found a sparkling altar of Nemelex Xobeh.
  7707 | D:8      | Reached *** piety under Okawaru
  8357 | D:9      | Found a staircase to the Lair.
  8488 | D:9      | Found a shattered altar of Ashenzari.
  8577 | D:9      | Reached XP level 11. HP: 77/77 MP: 16/16
  8581 | D:9      | Reached **** piety under Okawaru
  8603 | D:9      | Found a stormy altar of Qazlal.
  9007 | D:10     | Entered Level 10 of the Dungeon
  9360 | D:10     | Got an iridescent mace
  9362 | D:10     | Identified the +8 mace "Nohukh" {vamp, Fragile MP+9 Int+3 Dex+3} (You found it on level 10 of the Dungeon)
  9541 | D:10     | Found a staircase to the Orcish Mines.
  9804 | D:11     | Noticed Psyche
  9807 | D:11     | Noticed a cyclops
  9816 | D:12     | Noticed a deep elf mage
  9818 | D:12     | Killed Psyche
  9850 | D:12     | Noticed a cyan ugly thing
  9858 | D:12     | Killed a cyan ugly thing
  9876 | D:12     | Noticed a two-headed ogre
 10042 | D:12     | Noticed Sonja
 10199 | D:12     | Killed a two-headed ogre
 10237 | D:11     | Reached ***** piety under Okawaru
 10410 | D:11     | Received a gift from Okawaru
 10431 | D:11     | Noticed a cyclops
 10571 | D:11     | Reached skill level 7 in Dodging
 10959 | D:11     | Killed a cyclops
 11035 | D:11     | Noticed a cyclops
 11050 | D:11     | Killed a cyclops
 11089 | D:12     | Found Jissuin's Distillery.
 11094 | D:12     | Reached skill level 8 in Dodging
 11103 | D:12     | Killed a deep elf mage
 11116 | D:12     | Reached XP level 12. HP: 85/85 MP: 19/19
 11233 | D:12     | Reached skill level 9 in Dodging
 11314 | D:12     | Reached skill level 10 in Invocations
 11379 | D:12     | Noticed Sonja
 11379 | D:12     | Sonja changed into Sonja the troll
 11388 | D:12     | Killed Sonja the troll
 11559 | D:12     | Bought a potion of curing for 42 gold pieces
 11559 | D:12     | Bought a potion of curing for 42 gold pieces
 11738 | D:13     | Noticed a centaur warrior
 11745 | D:13     | Killed a centaur warrior
 11745 | D:13     | Received a gift from Okawaru
 11745 | D:13     | Reached skill level 10 in Dodging
 11763 | D:13     | Got a pitted hat {god gift}
 11769 | D:13     | Identified the +0 hat "Beuss" {rCorr Dex+4} (Okawaru gifted it to you on level 13 of the Dungeon)
 11803 | D:13     | Noticed a tengu warrior
 11814 | D:13     | Killed a tengu warrior
 11965 | D:13     | Noticed a centaur warrior
 12312 | D:13     | Noticed a tengu warrior
 12407 | D:13     | Reached skill level 11 in Dodging
 12457 | D:13     | Killed a centaur warrior
 12585 | D:13     | Noticed a tengu warrior
 12591 | D:13     | Noticed a tengu warrior
 12593 | D:13     | Killed a tengu warrior
 12605 | D:13     | Killed a tengu warrior
 12607 | D:13     | Reached skill level 12 in Dodging
 12958 | D:13     | Learned a level 3 spell: Ozocubu's Armour
 12992 | D:14     | Noticed a death knight
 13002 | D:14     | HP: 4/85 [freezing wraith[a death knight] (4)]
 13345 | D:11     | Reached skill level 1 in Charms
 13345 | D:11     | Reached skill level 1 in Ice Magic
 13461 | D:11     | Reached XP level 13. HP: 83/90 MP: 22/22
 13487 | D:11     | Found a shattered altar of Ashenzari.
 13541 | D:11     | Reached skill level 13 in Dodging
 14145 | D:10     | Found Ziluam's Jewellery Shoppe.
 14159 | D:10     | Bought a +4 amulet of reflection for 297 gold pieces
 14410 | Orc:1    | Entered Level 1 of the Orcish Mines
 14410 | Orc:1    | Noticed Josephine
 15147 | Orc:1    | Reached ****** piety under Okawaru
 15147 | Orc:1    | Received a gift from Okawaru
 15447 | Orc:1    | Found a roughly hewn altar of Beogh.
 15540 | Orc:1    | Reached skill level 14 in Dodging
 15657 | Orc:2    | Entered Level 2 of the Orcish Mines
 15740 | Orc:2    | Found a staircase to the Elven Halls.
 16004 | Orc:2    | Received a gift from Okawaru
 16091 | Orc:2    | Paralysed by an orc sorcerer for 3 turns
 16142 | Orc:2    | Found a roughly hewn altar of Beogh.
 16143 | Orc:2    | Found Zoceedef's Assorted Antiques.
 16189 | Orc:2    | Found a roughly hewn altar of Beogh.
 16189 | Orc:2    | Found Osinits's Antique Weapon Shop.
 16213 | Orc:2    | Reached XP level 14. HP: 98/98 MP: 23/23
 16263 | Orc:2    | Noticed Saint Roka
 16281 | Orc:2    | Reached skill level 10 in Fighting
 16281 | Orc:2    | Reached skill level 10 in Maces & Flails
 16619 | Orc:2    | Killed Josephine
 16817 | Orc:2    | Bought a jewelled mace for 200 gold pieces
 16817 | Orc:2    | Identified the +7 mace "Wooqexti" {vamp, Fragile rElec rF+ MR+} (You bought it in a shop on level 2 of the Orcish Mines)
 16851 | Orc:2    | Found Kaluppes's Antique Armour Shoppe.
 16852 | Orc:2    | Found a roughly hewn altar of Beogh.
 16853 | Orc:2    | Found Zenod's Antique Weapon Emporium.
 16860 | Orc:2    | Bought an iridescent mace for 304 gold pieces
 16860 | Orc:2    | Identified the cursed +0 mace of Dissatisfaction {pain, rF+ rC+ rN+} (You bought it in a shop on level 2 of the Orcish Mines)
 17215 | D:10     | Bought a ring of the Octopus King {rF+ AC+1 EV+1 Str+1 Int+1 Dex+1} for 513 gold pieces
 17249 | Lair:1   | Entered Level 1 of the Lair of Beasts
 17462 | Lair:1   | Received a gift from Okawaru
 17551 | Lair:1   | Got a crystal flail
 17552 | Lair:1   | Identified the +4 flail "Spiderslayer" {freeze, rElec Str+4 Dex-4} (You found it on level 1 of the Lair of Beasts)
 18348 | Lair:2   | Found a staircase to the Snake Pit.
 18782 | Lair:2   | Reached skill level 5 in Charms
 19389 | Lair:3   | Found a shattered altar of Ashenzari.
 19899 | Lair:4   | Reached skill level 5 in Ice Magic
 19906 | Lair:4   | Received a gift from Okawaru
 19970 | Lair:4   | Reached skill level 10 in Stealth
 20286 | Lair:4   | Found a staircase to the Swamp.
 20291 | Lair:4   | Noticed an entropy weaver
 20296 | Lair:4   | Noticed an entropy weaver
 20306 | Lair:4   | Killed an entropy weaver
 20311 | Lair:4   | Killed an entropy weaver
 20552 | Lair:4   | Received a gift from Okawaru
 20555 | Lair:4   | Identified the +8 great mace "Xuol Sia" {pain, Fragile rF+ MP+9} (Okawaru gifted it to you on level 4 of the Lair of Beasts)
 20940 | Lair:5   | Upgraded the game from 0.21-a0-88-g13b9641 to 0.21-a0-91-ga5031da
 20962 | Lair:5   | Reached XP level 15. HP: 105/105 MP: 24/24
 20990 | Lair:5   | Found a staircase to the Slime Pits.
 21522 | Lair:5   | Identified the Handbook of the Ashen Voyage
 21883 | Lair:6   | Entered Level 6 of the Lair of Beasts
 22093 | Lair:6   | Received a gift from Okawaru
 22114 | Lair:6   | Identified the +4 longbow of the Illusory Wonders {flame, Int+6} (Okawaru gifted it to you on level 6 of the Lair of Beasts)
 22157 | Lair:6   | Paralysed by a hornet for 3 turns
 23504 | Lair:1   | Learned a level 2 spell: Swiftness
 23834 | D:13     | Reached skill level 1 in Air Magic
 24291 | D:14     | Received a gift from Okawaru
 24344 | D:14     | Found a gate to the Vaults.
 24679 | D:15     | Entered Level 15 of the Dungeon
 25167 | D:15     | Reached skill level 5 in Air Magic
 25227 | D:15     | Reached XP level 16. HP: 100/110 MP: 25/25
 25423 | D:15     | Received a gift from Okawaru
 25428 | D:15     | Found a staircase to the Depths.
 25439 | Depths:1 | Entered Level 1 of the Depths
 25953 | Swamp:1  | Entered Level 1 of the Swamp
 25956 | Swamp:1  | Noticed Donald
 26347 | Swamp:1  | Noticed a thorn hunter
 26358 | Swamp:1  | HP: 1/110 [thorn hunter (22)]
 26358 | Swamp:1  | Killed from afar by an insubstantial wisp

Vault maps used:
D:1:      minmay_arrival_cross, kennysheep_another_room
D:2:      wad_lake_hut, nicolae_gozag_cash_rules_everything_around_me,
          vehumet_crystals, first_bread
D:3:      marbit_many_paths
D:4:      lightli_sewer_entry_pipes, uniq_pikel
D:5:      uniq_sigmund
D:6:      overflow_temple_1_default, grunt_temple_overflow_order_and_chaos_1,
          kennysheep_mini, minmay_temple_entry_junction, serial_shops, shop,
          trog_wizard
D:7:      serial_shops, kennysheep_mini_moat
D:8:      grunt_ogre_cave, nemelex_lonely_heart_becter
D:9:      nicolae_overflow_crystal_walls, erik_lair_orcish_takeover, basic_altar
D:10:     david_orc_3, serial_shops, shop
D:11:     basic_altar, minmay_hedge_maze, small_chamber_with_monster,
          uniq_psyche
D:12:     serial_shops, shop, minmay_unpleasant_kobolds, uniq_sonja
D:13:     minmay_strange_pillars, lightli_corner_chamber
D:14:     erik_vaults_1
D:15:     grunt_enter_depths_snipers, serial_park_tiny_pond
Temple:   jpeg_temple_clearing
Lair:1:   grunt_megastairs_4, serial_bayou_shore_b
Lair:2:   minmay_snake_entry_six_corridors
Lair:3:   basic_altar
Lair:4:   swamp_mist_pool, wad_woods_antlair, infiniplex_staircase_pool
Lair:5:   minmay_slime_entry_pillars, grunt_forest_stairs_basic, minivault_24,
          minmay_lair_oklob_chamber
Lair:6:   minmay_lair_end_enchanted_forest, grunt_megastairs_5
Swamp:1:  evilmike_swamp_ruin_house_4, uniq_donald
Orc:1:    basic_altar, nicolae_orc_pool_cavern, elves_outpost_lemuel,
          uniq_josephine
Orc:2:    grunt_orc_community_town_hall, grunt_orc_community_big_house_1,
          grunt_orc_community_big_house_1, grunt_orc_community_house_3,
          grunt_orc_community_house_3, grunt_orc_community_house_3,
          grunt_orc_community_house_2, grunt_orc_community_house_2,
          uniq_saint_roka
Depths:1: hell_entry, patterned_corridor, kennysheep_potato
Sewer:    sewer_minmay_treatment

Skill      XL: |  1  2  3  4  5  6  7  8  9 10 11 12 13 14 15 16 |
---------------+-------------------------------------------------+-----
Stealth        | 1 2 3 7 9 11 13 | 13.7
Maces & Flails | 3 4 5 6 7 8 9 10 | 10.4
Fighting       | 4 5 6 7 8 9 10 | 10.5
Dodging        | 5 6 8 12 14 | 14.8
Shields        | 5 6 7 8 |  8.5
Invocations    | 4 7 9 12 | 12.7
Charms         | 1 4 6 9 |  9.4
Ice Magic      | 1 4 6 8 9 |  9.2
Air Magic      | 5 6 |  6.2

Action                   |  1- 3 |  4- 6 |  7- 9 | 10-12 | 13-15 | 16-18 || total
-------------------------+-------+-------+-------+-------+-------+-------++-------
Melee: Flail             |    40 |   122 |   276 |   185 |       |       ||   623
       Tentacles         |     8 |    17 |    66 |   184 |   648 |    75 ||   998
       Constrict         |    10 |    33 |    69 |    88 |   229 |    14 ||   443
       Punch             |       |       |       |    13 |    21 |       ||    34
       Mace              |       |       |       |   458 |  1525 |   153 ||  2136
 Cast: Ozocubu's Armour  |       |       |       |       |     2 |     1 ||     3
Invok: Heroism           |       |       |     1 |    17 |    15 |       ||    33
       Finesse           |       |       |       |     1 |     3 |       ||     4
Evoke: Wand              |       |       |       |     4 |    10 |     1 ||    15
       Phial of floods   |       |       |       |     1 |       |       ||     1
  Use: Scroll            |     7 |     5 |     5 |    13 |    21 |     5 ||    56
       Potion            |       |     8 |     3 |     8 |     5 |     2 ||    26
 Stab: Sleeping          |     9 |     6 |    17 |    28 |    54 |     3 ||   117
       Distracted        |       |       |     1 |     8 |     7 |       ||    16
       Invisible         |       |       |       |     1 |       |       ||     1
  Eat: Chunk             |     2 |     3 |     6 |    24 |    26 |     2 ||    63
       Fruit             |       |     1 |     3 |       |     2 |       ||     6
       Royal jelly       |       |       |     2 |       |     4 |       ||     6
       Meat ration       |       |       |       |     1 |       |       ||     1
       Bread ration      |       |       |       |       |     1 |     1 ||     2
Armor: Skin              |     5 |    11 |    24 |    36 |    22 |     3 ||   101
Dodge: Dodged            |    11 |    70 |    85 |   289 |   703 |   107 ||  1265
Block: Shield            |    12 |   118 |   177 |   552 |  1381 |   179 ||  2419
       Reflection        |       |       |       |       |    47 |     1 ||    48
